 Dungeon Crawl Stone Soup version 0.28-a0-1518-gbe868bca14 (webtiles) character file.

Game seed: 6853321032638592021

1253 fragbeetle the Insei (level 8, -1/66 HPs)
             Began as a Pale Draconian Transmuter on Jan 17, 2022.
             Slain by a yak (13 damage)
             ... on level 4 of the Dungeon.
             The game lasted 00:12:10 (6727 turns).

fragbeetle the Insei (Pale Draconian Transmuter)    Turns: 6727, Time: 00:12:11

Health: -1/66      AC:  2    Str: 13    XL:     8   Next: 26%
Magic:  11/11      EV: 21    Int: 13    God:
Gold:   83         SH:  0    Dex: 19    Spells: 3/11 levels left

rFire   . . .      SeeInvis .     - Unarmed
rCold   . . .      Faith    .   (shield currently unavailable)
rNeg    . . .      Spirit   .   (armour unavailable)
rPois   x          Reflect  .   (helmet currently unavailable)
rElec   .          Harm     .   (cloak currently unavailable)
rCorr   .          Rampage  .   (gloves currently unavailable)
Will    .....                   (boots currently unavailable)
Stlth   ++........              (no amulet)
HPRegen 0.21/turn               c - ring of flight
MPRegen 0.12/turn               (no ring)

@: spider-form (expiring), flying
A: venomous fangs, (breathe steam), AC +6, tiny, unfitting armour,
(cold-blooded), (steam resistance)
a: End Transformation


You were on level 4 of the Dungeon.
You were a venomous arachnid creature.
You visited 1 branch of the dungeon, and saw 5 of its levels.

You collected 195 gold pieces.
You spent 112 gold pieces at shops.

Inventory:

Hand Weapons
 p - the +3 quarterstaff of the Twenty Lovers (melded) {holy, rPois MP+9 Dex-5 SInv}
   (You found it on level 5 of the Dungeon)

   It has been blessed by the Shining One to cause great damage to the undead
   and demons.
   Dex:       It affects your dexterity (-5).
   rPois:     It protects you from poison.
   MP:        It affects your magic capacity (+9).
   SInv:      It lets you see invisible.
Missiles
 a - 143 stones
 f - 5 javelins
 q - 21 sling bullets
Armour
 r - a +0 pair of boots (melded)
Jewellery
 c - a ring of flight (left front leg)
 g - a ring of ice
 i - a ring of see invisible
Wands
 o - a wand of paralysis (7)
 t - a wand of iceblast (8)
Scrolls
 b - 5 scrolls of identify {unknown}
 d - 2 scrolls of teleportation {unknown}
 e - a scroll of fear {unknown}
 j - a scroll of vulnerability {unknown}
 k - a scroll of fog {unknown}
 m - 2 scrolls of magic mapping {unknown}
 s - a scroll of noise {unknown}
Potions
 h - a potion of mutation {unknown}
 n - a potion of attraction {unknown}


   Skills:
 + Level 4.0 Fighting
 + Level 3.6 Dodging
 * Level 6.1 Unarmed Combat
 - Level 2.0 Spellcasting
 * Level 5.3 Transmutations
 + Level 2.4 Ice Magic
 + Level 3.0 Poison Magic


You had 3 spell levels left.
You knew the following spells:

 Your Spells              Type           Power      Damage    Failure   Level
a - Beastly Appendage     Tmut           30%        N/A       10%         1
b - Spider Form           Tmut/Pois      12%        N/A       32%         3
c - Ice Form              Ice/Tmut       11%        N/A       67%         4

Your spell library contained the following spells:

 Spells                   Type           Power      Damage    Failure   Level
 Wereblood                Tmut           15%        N/A       13%         2
 Magic Dart               Conj           4%         1d3       47%         1
 Call Imp                 Summ           1%         N/A       58%         2
 Mephitic Cloud           Conj/Pois/Air  3%         N/A       67%         3
 Gell's Gravitas          Tloc           1%         N/A       78%         3
 Lesser Beckoning         Tloc           1%         N/A       78%         3
 Teleport Other           Tloc           1%         N/A       78%         3
 Summon Forest            Summ/Tloc      0%         N/A       100%        5
 Eringya's Noxious Bog    Tmut/Pois      6%         N/A       100%        6
 Summon Hydra             Summ           0%         N/A       100%        7


Dungeon Overview and Level Annotations

Branches:
Dungeon (5/15)             Temple (0/1) D:5

Altars:
Elyvilon
Sif Muna
Wu Jian
Yredelemnul

Shops:
D:4 *   D:5 :[

Annotations:
D:1 dig
D:3 2 transporters
D:4 1 runed translucent door, a3don's ghost, amateur KoBe


Innate Abilities, Weirdness & Mutations

You are a venomous arachnid creature.
You have poisonous fangs.
You are tiny and dextrous.
Your spellcasting is less reliable in this form.
Your armour is entirely melded.
You are incapable of wielding weapons or throwing items.
((You can breathe blasts of scalding, opaque steam.))
((Your pale cyan-grey scales are hard. (AC +6)))
You cannot fit into any form of body armour.
((You are cold-blooded and may be slowed by cold attacks.))
((You are immune to the effects of steam.))


Message History

You completely miss the yak.
The yak is moderately wounded.
The yak closely misses you. The yak barely misses you.
You hit the yak but do no damage.
The yak looks as sick as possible!
The yak is moderately wounded.
The yak completely misses you. The yak barely misses you.
You bite the yak!
The yak is heavily wounded.
The yak completely misses you. The yak gores you!
You hit the yak but do no damage.
The yak is heavily wounded.
The yak completely misses you.
You hit the yak.
The yak looks as sick as possible!
The yak is severely wounded.
The yak misses you. The yak barely misses you.
You hit the yak.
The yak looks as sick as possible!
The yak is almost dead.
The yak closely misses you. The yak gores you.
You bite the yak!
You kill the yak!
Your transformation is almost over.
The yak gores you!
* * * LOW HITPOINT WARNING * * *
Your Fighting skill increases to level 4!
Your Unarmed Combat skill increases to level 6!
Your Poison Magic skill increases to level 3!
You feel better. The yak closely misses you.
You completely miss the yak. The yak closely misses you.
You hit the yak but do no damage.
The yak is poisoned.
You completely miss the yak.
The yak is lightly wounded.
The yak completely misses you.
You bite the yak!
The yak looks as sick as possible!
The yak is moderately wounded.
The yak gores you!
* * * LOW HITPOINT WARNING * * *
You hit the yak.
The yak looks as sick as possible!
The yak is moderately wounded.
The yak gores you!
You die...

##################.#
............#.####.#
####...............#
≈≈##....###.###########
≈.##....# #.#.........#
≈.##....# #.#.#######.#
..##....# #.#.#.....#.########
..###†#####.#.#Y##.##.#.)....#
..# #.#...).....s#....#.####.#
..###.#.###.#.####..###.# #.#
..#......#..............# #.#
..##.##..#..#..#############.##
.........#..#..#.#............#
..##.#...#..##.......##########
####.#.....########..#
####.#....##≈=≈≈WS+..#
.....####.# #######..#


You could see a yak (extremely poisoned).

Vanquished Creatures
  Sigmund (D:5)
  A yak (D:4)
  Edmund (D:4)
  A water moccasin (D:5)
  2 sky beasts (D:5)
  An ogre (D:4)
  2 hounds (D:5)
  An orc priest (D:3)
  A centaur skeleton (D:5)
  3 orc wizards
  7 gnolls
  10 adders
  A worm (D:2)
  A dart slug (D:3)
  22 orcs
  4 ball pythons
  4 endoplasms
  3 giant cockroaches
  6 goblins
  8 hobgoblins
  10 jackals (D:2)
  10 quokkas
  8 bats
  2 frilled lizards (D:2)
  5 kobolds
  2 rats (D:2)
117 creatures vanquished.

Notes
Turn   | Place    | Note
-------+----------+-------------------------------------------
     0 | D:1      | fragbeetle the Draconian Transmuter began the quest for the
                  | Orb.
     0 | D:1      | Reached XP level 1. HP: 16/16 MP: 3/3
    10 | D:1      | Noticed a centaur
   142 | D:1      | Found a faded altar of an unknown god.
   570 | D:2      | Reached XP level 2. HP: 23/23 MP: 3/5
   757 | D:2      | Reached XP level 3. HP: 9/29 MP: 4/6
  1230 | D:2      | Learned a level 3 spell: Spider Form
  1788 | D:3      | Found a transporter.
  1788 | D:3      | Noticed a necrophage
  1789 | D:3      | Noticed a phantom
  1792 | D:3      | Found a transporter.
  1820 | D:3      | Reached XP level 4. HP: 34/36 MP: 7/7
  1833 | D:3      | Found a shimmering blue altar of Sif Muna.
  2327 | D:3      | Reached skill level 4 in Unarmed Combat
  2714 | D:3      | Reached XP level 5. HP: 30/42 MP: 6/8
  2719 | D:3      | Reached skill level 1 in Poison Magic
  3874 | D:3      | Learned a level 4 spell: Ice Form
  3905 | D:4      | Noticed Edmund
  4143 | D:4      | Killed Edmund
  4144 | D:4      | Reached XP level 6. HP: 7/50 MP: 7/9
  4588 | D:4      | Found a white marble altar of Elyvilon.
  4711 | D:4      | Reached skill level 5 in Unarmed Combat
  4711 | D:4      | Reached skill level 1 in Ice Magic
  4830 | D:4      | Found a basalt altar of Yredelemnul.
  4901 | D:4      | Found an ornate altar of the Wu Jian Council.
  5016 | D:4      | Found a runed translucent door.
  5056 | D:4      | Noticed a3don's ghost (amateur KoBe)
  5112 | D:4      | Found Yrchiah's Assorted Antiques.
  5488 | D:5      | Entered Level 5 of the Dungeon
  5488 | D:5      | Noticed a sky beast
  5488 | D:5      | Found Zikenun's Book Emporium.
  5496 | D:5      | Killed a sky beast
  5497 | D:5      | Your scales start taking on a pale cyan-grey colour.
  5497 | D:5      | Reached XP level 7. HP: 57/57 MP: 6/10
  5497 | D:5      | Gained mutation: You are immune to the effects of steam.
                  | [Pale Draconian growth]
  5498 | D:5      | Identified the +3 quarterstaff of the Twenty Lovers {holy,
                  | rPois MP+9 Dex-5 SInv}
  5616 | D:5      | Found Kiaresunt's Antique Armour Emporium.
  5705 | D:5      | Bought a pair of boots for 112 gold pieces
  6049 | D:5      | Noticed Sigmund
  6089 | D:5      | Killed Sigmund
  6347 | D:5      | Found a staircase to the Ecumenical Temple.
  6360 | D:5      | Reached skill level 5 in Transmutations
  6387 | D:5      | Reached XP level 8. HP: 20/66 MP: 7/11
  6722 | D:4      | Reached skill level 6 in Unarmed Combat
  6727 | D:4      | Slain by a yak

Illustrated notes

Levels and vault maps discovered:
D:1:      evilmike_arrival_come_back, layout_rooms,
          dilly_ecumenical_altar_fadedgnrine
D:2:      layout_loops_ring, minmay_pentomino_o4
D:3:      layout_basic, gammafunk_temple_overflow_arena
D:4:      layout_basic, kennysheep_ying_yang, nzn_wu_jian_contemplation,
          serial_shops, nicolae_shop_advertising_works
          [nicolae_subvault_shop_adworks], ebering_ghost_sewer_d,
          serial_park_tiny_2, hex_large, nicolae_underground_beach, uniq_edmund
D:5:      layout_loops_ring, nicolae_overflow_hidden_temple,
          minmay_temple_entry_large_hall, serial_shops, nicolae_shop_waterfront,
          nicolae_stop_n_shop_1, uniq_sigmund

Skill      XL: |  1  2  3  4  5  6  7  8 |
---------------+-------------------------+-----
Dodging        | 2 3 |  3.6
Fighting       | 2 3 4 |  4.0
Transmutations | 3 4 5 |  5.3
Unarmed Combat | 4 5 6 |  6.1
Poison Magic   | 1 2 3 |  3.0
Ice Magic      | 1 2 |  2.4
Spellcasting   | |  2.0

Action                   |  1- 3 |  4- 6 |  7- 9 || total
-------------------------+-------+-------+-------++-------
Melee: Unarmed           |   107 |   189 |    75 ||   371
       Kick              |    21 |    46 |    13 ||    80
       Headbutt          |    18 |    25 |     8 ||    51
       Tailslap          |    11 |    16 |     8 ||    35
       Punch             |     3 |     5 |       ||     8
       Quarterstaff      |       |       |    23 ||    23
 Cast: Beastly Appendage |    28 |    33 |     6 ||    67
       Spider Form       |       |     7 |     7 ||    14
  Use: Potion            |       |       |     1 ||     1
 Stab: Sleeping          |       |     1 |       ||     1
Armor: Skin              |    35 |    41 |    12 ||    88
Dodge: Dodged            |    78 |    85 |    77 ||   240

Table legend: (Time is in decaauts)
 A = Elapsed time spent in this place.
 B = Non-inter-level travel time spent in this place.
 C = Inter-level travel time spent in this place.
 D = Time resting spent in this place.
 E = Time spent auto-exploring this place.
 F = Levels seen in this place.
 G = Mean time per level.
                   A        B        C        D        E       F      G
               +--------+--------+--------+--------+--------+-----+--------+
         Total |   6706 |   6615 |     91 |   2036 |   3339 |   5 | 1341.2 |
       Dungeon |   6706 |   6615 |     91 |   2036 |   3339 |   5 | 1341.2 |
               +--------+--------+--------+--------+--------+-----+--------+

Top non-repeatable levels by time:
     D:3: 2290 daAuts
     D:4: 1437 daAuts
     D:5: 1224 daAuts
     D:2: 1208 daAuts
     D:1: 546 daAuts
